 Dungeon Crawl Stone Soup version 0.29-a0-993-g4a18f31a58 (webtiles) character file.

Game seed: 15244175239647757268

274371 Zonian the Marksdemonspawn (level 19, -26/149 HPs)
             Began as a Demonspawn Ice Elementalist on Aug 2, 2022.
             Was an Elder of Cheibriados.
             Killed from afar by a red draconian scorcher (40 damage)
             ... with a fireball
             ... on level 4 of the Abyss on Aug 3, 2022.
             The game lasted 03:10:47 (45193 turns).

Zonian the Marksdemonspawn (DsIE)                  Turns: 45193, Time: 03:10:47

Health: -26/149    AC: 17    Str: 17 (20) XL:     19   Next: 53%
Magic:  14/44      EV: 20    Int: 38      God:    Cheibriados [****..]
Gold:   2657       SH:  0    Dex: 29      Spells: 7/42 levels left

rFire   . . .      SeeInvis +   N - +11 whip of Moderation {protect, rC+ Will+ Int+4 Stlth-}
rCold   + . .      Faith    .   (no shield)
rNeg    . . .      Spirit   .   J - +1 ring mail "Esogariv" {Regen+ Dex+6}
rPois   +          Reflect  .   K - +2 hat {SInv}
rElec   .          Harm     .   F - scarf {repulsion}
rCorr   .          Rampage  .   u - +0 pair of gloves
Will    ++...      Archmagi +   y - +2 pair of boots
Stlth   +.........              L - amulet of regeneration
HPRegen 1.94/turn               B - ring of the Mage {Wiz Archmagi}
MPRegen 0.29/turn               c - ring of magical power

@: invisible, repel missiles, very slow
A: slimy green scales 3, foul stench 2, powered by death 2, demonic touch 2,
hooves 1, deterioration 1, sense surroundings 1, poison resistance
}: 2/15 runes: barnacled, gossamer
a: Renounce Religion, Bend Time, Temporal Distortion, Slouch


You were on level 4 of the Abyss.
You worshipped Cheibriados.
Cheibriados was greatly pleased with you.
You visited 6 branches of the dungeon, and saw 33 of its levels.
You visited the Abyss 1 time.

You collected 4324 gold pieces.
You spent 1667 gold pieces at shops.

Inventory:

Hand Weapons
 f - the +10 quarterstaff of Terra Nullius {vorpal, Dex+3}
   (You bought it in a shop on level 5 of the Dungeon)

   It inflicts extra damage upon your enemies.
   Dex:       It affects your dexterity (+3).
 G - a +3 sling
 N - the +11 whip of Moderation (weapon) {protect, rC+ Will+ Int+4 Stlth-}
   (You found it on level 7 of the Dungeon)

   It grants its wielder temporary protection when it strikes (+7 to AC).
   Int:       It affects your intelligence (+4).
   rC:        It protects you from cold.
   Will:      It increases your willpower.
   Stlth:     It makes you less stealthy.
 T - a +9 shortbow of freezing
Missiles
 s - 2 curare-tipped darts
 w - 13 throwing nets
 V - 10 silver javelins
Armour
 q - a +1 hat of willpower
 t - a +2 helmet
 u - a +0 pair of gloves (worn)
 y - a +2 pair of boots (worn)
 F - a scarf of repulsion (worn)
 J - the +1 ring mail "Esogariv" (worn) {Regen+ Dex+6}
   (You took it off a gnoll on level 13 of the Dungeon)

   Dex:       It affects your dexterity (+6).
   Regen:     It increases your rate of health regeneration.
 K - a +2 hat of see invisible (worn)
Jewellery
 a - the ring "Pesowog" {rF+ Dex+2}
   (You bought it in a shop on level 3 of the Elven Halls)

   [ring of protection from fire]

   Dex:       It affects your dexterity (+2).
   rF:        It protects you from fire.
 c - a ring of magical power (right hand)
 i - a ring of ice
 o - the ring of Numeaf {*Corrode Str+6 Dex+6}
   (You found it on level 3 of the Dungeon)

   [ring of dexterity]

   Str:       It affects your strength (+6).
   Dex:       It affects your dexterity (+6).
   *Corrode:  It may corrode you when you take damage.
 p - a ring of resist corrosion
 B - the ring of the Mage (left hand) {Wiz Archmagi}
   (You took it off a death knight on level 15 of the Dungeon)

   [ring of wizardry]

   It improves your spell success rate.
   Archmagi:  It increases the power of your magical spells.
 L - an amulet of regeneration (around neck)
 Q - a +6 ring of dexterity
 S - the ring "Wout" {rF+ AC+4 Str-4 Int+3}
   (You took it off an orc wizard on level 9 of the Dungeon)

   [ring of protection]

   AC:        It affects your AC (+4).
   Str:       It affects your strength (-4).
   Int:       It affects your intelligence (+3).
   rF:        It protects you from fire.
 W - a +6 ring of strength
Wands
 h - a wand of quicksilver (12)
 C - a wand of mindburst (10)
 E - a wand of digging (8)
 R - a wand of flame (47)
 X - a wand of iceblast (5)
 Y - a wand of paralysis (19)
Scrolls
 d - 2 scrolls of silence
 e - a scroll of enchant armour
 n - 2 scrolls of summoning
 r - 5 scrolls of poison
 v - 13 scrolls of teleportation
 D - a scroll of fear
 H - 2 scrolls of magic mapping
 O - 4 scrolls of enchant weapon
 U - 4 scrolls of butterflies
Potions
 b - 7 potions of magic
 g - a potion of might
 j - a potion of cancellation {unknown}
 k - 16 potions of curing
 l - 6 potions of brilliance
 x - 3 potions of invisibility
 z - 8 potions of heal wounds
 A - 5 potions of flight
 M - 7 potions of ambrosia
 P - 5 potions of berserk rage
 Z - a potion of resistance
Miscellaneous
 I - a condenser vane


   Skills:
 + Level 13.0 Fighting
 - Level 12.0 Maces & Flails
 - Level 16.0 Ranged Weapons
 - Level 3.3 Armour
 - Level 10.0 Dodging
 - Level 2.5 Stealth
 - Level 12.0 Spellcasting
 - Level 8.0 Conjurations
 + Level 10.7 Necromancy
 - Level 8.0 Transmutations
 - Level 10.0 Ice Magic
 - Level 4.0 Earth Magic
 - Level 4.0 Poison Magic
 - Level 13.0 Invocations


You had 7 spell levels left.
You knew the following spells:

 Your Spells              Type           Power      Damage    Failure   Level
a - Freeze                Ice            100%       1d11      1%          1
b - Frozen Ramparts       Ice            100%       1d18      1%          3
c - Ozocubu's Armour      Ice            99%        N/A       1%          3
d - Hailstorm             Conj/Ice       95%        3d19      1%          4
e - Irradiate             Conj/Tmut      45%        3d26      1%          5
f - Mephitic Cloud        Conj/Pois/Air  68%        N/A       1%          3
g - Vampiric Draining     Necr           100%       2d13      1%          3
h - Dispel Undead         Necr           100%       3d31      1%          4
i - Stone Arrow           Conj/Erth      100%       3d13      1%          3
j - Death Channel         Necr           51%        N/A       2%          6

Your spell library contained the following spells:

 Spells                   Type           Power      Damage    Failure   Level
 Apportation              Tloc           68%        N/A       1%          1
 Magic Dart               Conj           100%       1d8       1%          1
 Necrotise                Necr           100%       1d9       1%          1
 Sandblast                Erth           100%       2d20      1%          1
 Slow                     Hex            100%       N/A       1%          1
 Summon Small Mammal      Summ           100%       N/A       1%          1
 Call Imp                 Summ           34%        N/A       1%          2
 Passwall                 Tmut/Erth      66%        N/A       1%          2
 Poisonous Vapours        Pois/Air       100%       N/A       1%          2
 Scorch                   Fire           68%        2d8       1%          2
 Static Discharge         Conj/Air       68%        3-12/arc  1%          2
 Sublimation of Blood     Necr           100%       N/A       1%          2
 Anguish                  Hex/Necr       38%        N/A       1%          4
 Corpse Rot               Necr/Pois/Air  74%        N/A       1%          4
 Blade Hands              Tmut           45%        N/A       1%          5
 Alistair's Intoxication  Tmut/Pois      53%        N/A       2%          5
 Confusing Touch          Hex            34%        N/A       3%          3
 Lightning Bolt           Conj/Air       34%        1d51      6%          5
 Dragon Form              Tmut           45%        N/A       34%         7
 Maxwell's Capacitive Co  Air            17%        ∞         100%        8


Dungeon Overview and Level Annotations

Branches:
Dungeon (15/15)            Temple (0/1) D:6            Lair (5/5) D:9
 Shoals (4/4) Lair:3       Spider (4/4) Lair:3        Slime (0/5) Lair:4
    Orc (2/2) D:10            Elf (3/3) Orc:2        Vaults (0/5) D:14
 Depths (0/4) D:15

Altars:
Ashenzari
Cheibriados
Kikubaaqudgha
Makhleb
Nemelex Xobeh
Okawaru
Sif Muna
Trog
Uskayaw
Vehumet
Xom
Yredelemnul

Shops:
D:5 :(!?(   D:8 *   Orc:2 [=*:*   Elf:3 *

Portals:
Trove: D:15 (give 14 scrolls of teleportation)

Annotations:
D:2 Sigmund
D:15 Rupert
Spider:1 3 runed translucent doors, avis's ghost, journeyman DgIE
Elf:2 3 runed translucent doors, exclusion: ice statue


Innate Abilities, Weirdness & Mutations

You are completely covered in slimy green scales. (AC +4, rPois)
You sometimes emit foul miasma when damaged in melee.
You regenerate health from kills.
Your touch may inflict irresistible damage on your foes.
You have large cloven feet.
Your body sometimes deteriorates upon taking damage.
You passively map a small area around you.
Your system is resistant to poisons. (rPois)


Message History

The red draconian scorcher points at you and mumbles some strange words.
The fireball explodes!
The fireball engulfs you!!!
Unknown command.
Aiming: Iceblast
Press: ? - help, Shift-Dir - straight line, f/p - red draconian scorcher
Aim: a red draconian scorcher, wielding a +3 long sword and wearing a +2 cloak of poison resistance The mass of ice explodes!
The iceblast engulfs the red draconian scorcher!
The red draconian scorcher is lightly wounded.
The red draconian scorcher casts a spell at you.
The bolt of fire hits you!!
* * * LOW HITPOINT WARNING * * *
Your body deteriorates!
You feel weakened.
Okay, then.
Okay, then.
As you read the scroll of summoning, it crumbles to dust.
Wisps of shadow whirl around you...
The red draconian scorcher gestures at you while chanting.
The bolt of magma hits you!!
* * * LOW HITPOINT WARNING * * *
Your body deteriorates!
You feel weakened.
Okay, then.
You step out of the flow of time.
You hear a roar!
You hear two shouts! x2; You hear a deafening roar! x8
You return to the normal time flow.
You can no longer step out of the flow of time.
Cheibriados lowers the support of your attributes as your movement quickens.
The red draconian scorcher roars!
Okay, then.
Okay, then.
Okay, then.
Press: ? - help, v - describe, . - travel The floor.
Press: ? - help, v - describe, . - travel The floor.
Okay, then.
You fade into invisibility!
The red draconian scorcher points at you and mumbles some strange words.
The fireball explodes!
The fireball engulfs you!!!
You die...

## #..## #. ....
.. #.. .... ...
#.. #..# ..#
##..##..##..##
#.............
#.............
#@.## #...# .
.............
.............q...
.##..##..##..##..
#.. #..# ..# ...
.... .... ..
..... .... .#
.##..# .##.


You could see a red draconian scorcher (unable to see you).

Vanquished Creatures
  A dread lich (Abyss:4)
  Bai Suzhen (Shoals:4)
  Jorgrun (D:15)
  A tentacled monstrosity (Abyss:3)
  A deep elf blademaster (Elf:3)
  Frances (Shoals:1)
  5 tentacled starspawn
  Agnes (D:15)
  Donald (Shoals:3)
  Ilsuiw (Shoals:3)
  2 deep elf sorcerers
  6 ghost moths
  Aizul (Shoals:4)
  6 emperor scorpions
  3 deep elf elementalists (Elf:3)
  A broodmother (Spider:4)
  2 very ugly things (Abyss:3)
  Azrael (Orc:2)
  2 deep elf demonologists (Elf:3)
  A deep elf annihilator (Elf:3)
  A demonspawn black sun (D:14)
  2 entropy weavers (Spider:3)
  Nessos (Lair:3)
  Snorg (Orc:2)
  3 spark wasps
  3 deep elf death magi
  6 merfolk javelineers
  2 deep elf high priests (Elf:3)
  8 merfolk impalers
  A fire dragon (D:15)
  A great orb of eyes (Abyss:3)
  Harold (Orc:1)
  7 hydras
  An alligator snapping turtle (Shoals:3)
  6 boulder beetles
  6 merfolk aquamancers (Shoals:4)
  Erica (D:11)
  An ice dragon (D:15)
  4 catoblepae
  5 centaur warriors
  2 jorogumos
  2 radroaches
  A death knight (D:15)
  6 two-headed ogres
  19 dancing weapons
  5 death yaks
  5 merfolk avatars
  3 tengu warriors
  A satyr (Shoals:4)
  A thrashing horror (Abyss:3)
  Urug (Lair:3)
  Sonja (Orc:2)
  12 deep elf knights
  4 skeletal warriors (D:14)
  4 sun demons (D:14)
  A wretched star (Abyss:3)
  A sixfirhy (Abyss:3)
  7 pharaoh ants
  12 sea snakes
  A goliath frog (shapeshifter) (D:14)
  A shadow demon (Abyss:3)
  8 orb spiders
  5 steelbarb worms
  15 harpies
  14 deep elf archers
  6 large abominations
  37 deep elf zephyrmancers
  8 orc knights
  A lindwurm (D:14)
  37 deep elf pyromancers
  20 wolf spiders
  2 orc sorcerers (Orc:2)
  An ugly thing (D:12)
  21 manticores
  5 cyclopes
  15 fauns
  3 moths of wrath (Spider:4)
  6 black mambas
  15 elephants
  9 merfolk sirens
  7 water nymphs
  A smoke demon (Abyss:3)
  2 torpor snails
  10 cane toads
  Maggie (D:7)
  An orange demon (Abyss:3)
  A cane toad (shapeshifter) (D:15)
  An efreet (D:14)
  2 unseen horrors (D:11)
  4 komodo dragons
  7 demonic crawlers
  2 rime drakes (Lair:4)
  A hellwing (Abyss:3)
  2 freezing wraiths
  3 meliai (Spider:1)
  4 polar bears
  38 merfolk
  4 hornets (Spider:4)
  13 wind drakes
  6 trolls
  5 raiju (Abyss:3)
  13 blink frogs
  5 dream sheep (Lair:3)
  27 tarantellas
  A blink frog (shapeshifter) (Elf:2)
  7 snapping turtles
  5 air elementals
  2 slime creatures (D:13)
  17 culicivoras
  35 jumping spiders
  A shadow (D:12)
  A vampire (D:11)
  2 wraiths
  38 yaks
  4 basilisks
  14 water elementals
  5 wyverns
  Eustachio (D:4)
  2 neqoxecs (Abyss:3)
  5 fire elementals
  4 small abominations
  2 steam dragons
  43 redbacks
  15 vampire mosquitoes
  5 wargs (Orc:2)
  An acid dragon (D:10)
  5 hell hounds
  16 water moccasins
  5 ice beasts
  39 orc warriors
  3 sky beasts
  5 black bears
  4 wolves
  9 ogres
  4 boggarts (D:15)
  10 centaurs
  A phantom (D:6)
  16 bullfrogs
  A gnoll sergeant (D:13)
  2 earth elementals (Elf:2)
  A necrophage (D:7)
  6 scorpions
  11 wights
  3 killer bees (D:11)
  An electric eel (Spider:4)
  3 howler monkeys
  3 starcursed masses (Abyss:3)
  A lava snake (D:9)
  2 hounds
  5 jellies
  2 gnoll boudas
  16 orc priests
  3 iguanas (D:6)
  17 orc wizards
  11 hell rats (Lair:2)
  Robin (D:4)
  13 gnolls
  14 adders
  A shadow imp (D:5)
  3 white imps
  2 ufetubi (D:6)
  A worm (D:2)
  115 orcs
  3 ball pythons
  4 bat skeletons (D:13)
  2 bat zombies (D:13)
  12 endoplasms
  4 giant cockroaches
  16 goblins
  7 hobgoblins
  9 jackals
  A quokka (D:1)
  3 bats
  A frilled lizard (D:2)
  3 kobolds
  5 rats
  A spectral orc (D:5)
  A starspawn tentacle (Abyss:4)
1215 creatures vanquished.

Vanquished Creatures (collateral kills)
  A radroach (Spider:3)
  2 orb spiders (Spider:3)
  A tarantella (Spider:3)
  A jumping spider (Spider:3)
  2 redbacks (Spider:3)
7 creatures vanquished.

Vanquished Creatures (others)
  A deep elf pyromancer (Elf:2)
  An air elemental (Elf:1)
  2 large abominations (D:14)
  A water elemental (Elf:1)
  2 golden eyes (Abyss:3)
  An orc (Orc:1)
  56 fungi
  105 plants
  7 starspawn tentacles
176 creatures vanquished.

Grand Total: 1398 creatures vanquished

Notes
Turn   | Place    | Note
-------+----------+-------------------------------------------
     0 | D:1      | Zonian the Demonspawn Ice Elementalist began the quest for
                  | the Orb.
     0 | D:1      | Reached XP level 1. HP: 13/13 MP: 3/3
   558 | D:1      | Found a faded altar of an unknown god.
   571 | D:1      | Prayed at the altar of an unknown god.
   571 | D:1      | Became a worshipper of Cheibriados the Contemplative
   571 | D:1      | Reached * piety under Cheibriados
   785 | D:2      | Gained mutation: You are partially covered in slimy green
                  | scales. (AC +2) [demonic ancestry]
   785 | D:2      | Reached XP level 2. HP: 18/19 MP: 5/5
   913 | D:2      | Found a burning altar of Makhleb.
  1324 | D:2      | Gained mutation: You are mostly covered in slimy green
                  | scales. (AC +3) [demonic ancestry]
  1324 | D:2      | Reached XP level 3. HP: 24/24 MP: 6/6
  1730 | D:2      | Learned a level 3 spell: Frozen Ramparts
  1734 | D:2      | Learned a level 3 spell: Ozocubu's Armour
  1759 | D:2      | Gained mutation: Your touch may inflict minor irresistible
                  | damage on your foes. [demonic ancestry]
  1759 | D:2      | Reached XP level 4. HP: 3/30 MP: 7/7
  2190 | D:2      | Noticed Sigmund
  2413 | D:2      | Reached ** piety under Cheibriados
  2935 | D:3      | Identified the ring of Numeaf {*Corrode Str+6 Dex+6}
  3107 | D:3      | Found a radiant altar of Vehumet.
  3265 | D:4      | Found a shimmering blue altar of Sif Muna.
  3304 | D:4      | Reached XP level 5. HP: 35/35 MP: 8/8
  3421 | D:4      | Noticed Robin
  3435 | D:4      | Killed Robin
  3436 | D:4      | Reached skill level 1 in Invocations
  3536 | D:4      | Noticed an ogre
  3571 | D:4      | Killed an ogre
  3572 | D:4      | Reached skill level 5 in Ice Magic
  3620 | D:4      | Reached *** piety under Cheibriados
  3814 | D:4      | Noticed Eustachio
  3824 | D:4      | Killed Eustachio
  3825 | D:4      | Gained mutation: You may rarely emit foul miasma when
                  | damaged in melee. [demonic ancestry]
  3825 | D:4      | Reached XP level 6. HP: 39/41 MP: 9/9
  3962 | D:4      | Reached skill level 5 in Invocations
  3962 | D:4      | Gained mutation: You are completely covered in slimy green
                  | scales. (AC +4, rPois) [demonic ancestry]
  3962 | D:4      | Reached XP level 7. HP: 46/46 MP: 10/10
  4451 | D:5      | Entered Level 5 of the Dungeon
  4467 | D:5      | Found a sparkling altar of Nemelex Xobeh.
  4717 | D:5      | Found Qehet's Magic Scroll Shoppe.
  4734 | D:5      | Found Abepexi's Antique Weapon Emporium.
  4805 | D:5      | Gained mutation: You regenerate a little health from kills.
                  | [demonic ancestry]
  4805 | D:5      | Reached XP level 8. HP: 39/52 MP: 13/13
  4918 | D:5      | Reached **** piety under Cheibriados
  4921 | D:5      | Found a glowing drain.
  4947 | D:5      | Found Yweg's Weapon Emporium.
  4981 | D:5      | Found a basalt altar of Yredelemnul.
  5174 | D:4      | Learned a level 4 spell: Hailstorm
  5288 | D:5      | Bought a scroll of blinking for 82 gold pieces
  5356 | D:5      | Found Xeyt Cie's Distillery.
  5365 | D:5      | Bought a potion of heal wounds for 55 gold pieces
  5365 | D:5      | Bought a potion of flight for 33 gold pieces
  5439 | D:5      | Found Yloev's Book Shop.
  5447 | D:5      | Found an iron altar of Okawaru.
  5516 | D:5      | Reached skill level 1 in Conjurations
  5629 | D:5      | Found a hide-covered altar of Uskayaw.
  6057 | D:6      | Reached XP level 9. HP: 57/57 MP: 16/16
  6131 | D:6      | Found a staircase to the Ecumenical Temple.
  6151 | D:6      | Found a bloodstained altar of Trog.
  6304 | D:6      | Reached ***** piety under Cheibriados
  6675 | D:5      | Bought a scroll of identify for 22 gold pieces
  6951 | D:6      | Reached skill level 10 in Invocations
  6990 | D:7      | Found a broken altar of Ashenzari.
  7302 | D:7      | Found a shimmering altar of Xom.
  7335 | D:7      | Noticed Maggie
  7345 | D:7      | Killed Maggie
  8158 | D:7      | Reached skill level 5 in Conjurations
  8297 | D:7      | Identified the +11 whip of Moderation {protect, rC+ Will+
                  | Int+4 Stlth-}
  8313 | D:7      | Found an ancient bone altar of Kikubaaqudgha.
  8718 | D:8      | Reached XP level 10. HP: 63/63 MP: 18/18
  8942 | D:8      | Found Innuxoan's Lightly-Used Armoury.
  9650 | D:9      | Reached skill level 10 in Ice Magic
  9687 | D:9      | Noticed a boulder beetle
  9742 | D:9      | Killed a boulder beetle
  9743 | D:9      | Reached skill level 1 in Armour
  9985 | D:9      | Noticed a two-headed ogre
  9996 | D:9      | Killed a two-headed ogre
 10202 | D:9      | Identified the ring "Wout" {rF+ AC+4 Str-4 Int+3}
 10592 | D:9      | Reached XP level 11. HP: 53/68 MP: 20/20
 10665 | D:9      | Found a staircase to the Lair.
 11222 | D:5      | Bought a scroll of identify for 22 gold pieces
 11223 | D:5      | Bought a scroll of identify for 22 gold pieces
 11570 | D:9      | Reached skill level 1 in Fighting
 11570 | D:9      | Reached skill level 1 in Maces & Flails
 11619 | Lair:1   | Entered Level 1 of the Lair of Beasts
 11699 | Lair:1   | Reached skill level 5 in Dodging
 11933 | Lair:1   | Noticed a boulder beetle
 12118 | Lair:1   | Killed a boulder beetle
 12492 | D:5      | Bought an iridescent scimitar for 216 gold pieces
 12492 | D:5      | Identified the +4 scimitar "Ufawkicw" {venom, rF- rN++}
                  | (You bought it in a shop on level 5 of the Dungeon)
 12729 | Lair:1   | Reached skill level 5 in Fighting
 13016 | Lair:2   | Noticed a boulder beetle
 13033 | Lair:2   | Killed a boulder beetle
 13034 | Lair:2   | Reached skill level 5 in Maces & Flails
 13289 | Lair:2   | Reached ****** piety under Cheibriados
 13317 | Lair:2   | Reached XP level 12. HP: 88/88 MP: 21/21
 13505 | Lair:2   | Noticed an eight-headed hydra
 13511 | Lair:2   | Killed an eight-headed hydra
 13976 | Lair:3   | Found a staircase to the Shoals.
 13985 | Lair:3   | Found a hole to the Spider Nest.
 14166 | Lair:3   | Noticed a catoblepas
 14333 | Lair:3   | Killed a catoblepas
 14397 | Lair:3   | Noticed Nessos
 14432 | Lair:3   | Noticed Urug
 14708 | Lair:3   | Killed Nessos
 14841 | Lair:3   | Killed Urug
 15099 | Lair:4   | Found a staircase to the Slime Pits.
 15101 | Lair:4   | Noticed an eight-headed hydra
 15109 | Lair:4   | Killed an eight-headed hydra
 15161 | Lair:4   | Noticed an eight-headed hydra
 15173 | Lair:4   | Killed an eight-headed hydra
 15762 | Lair:4   | Reached skill level 10 in Fighting
 15857 | Lair:4   | Noticed a five-headed hydra
 15868 | Lair:4   | Killed a five-headed hydra
 15893 | Lair:4   | Noticed a six-headed hydra
 15894 | Lair:4   | Noticed a death yak
 15898 | Lair:4   | Killed a six-headed hydra
 15907 | Lair:4   | Killed a death yak
 15908 | Lair:4   | Reached XP level 13. HP: 75/103 MP: 22/22
 16466 | Lair:5   | Entered Level 5 of the Lair of Beasts
 16486 | Lair:4   | Reached skill level 10 in Maces & Flails
 16492 | Lair:4   | Learned a level 5 spell: Irradiate
 16543 | Lair:4   | Reached skill level 1 in Transmutations
 16957 | Lair:5   | Reached skill level 5 in Spellcasting
 17495 | Lair:5   | Reached skill level 5 in Transmutations
 17768 | Lair:5   | Identified the +5 trident "Tosoac" {drain, rC+ rN++ Int-4}
 18668 | D:10     | Entered Level 10 of the Dungeon
 19129 | D:10     | Gained mutation: You regenerate health from kills. [demonic
                  | ancestry]
 19129 | D:10     | Reached XP level 14. HP: 108/109 MP: 23/23
 19183 | D:10     | Found a staircase to the Orcish Mines.
 19223 | D:10     | Found a snail-covered altar of Cheibriados.
 19255 | D:10     | Learned a level 3 spell: Mephitic Cloud
 20003 | D:11     | Noticed Erica
 20011 | D:11     | Killed Erica
 20939 | D:12     | Identified a scroll of acquirement
 20940 | D:12     | Acquired 853 gold pieces
 21378 | D:5      | Bought a translucent quarterstaff for 216 gold pieces
 21378 | D:5      | Identified the +10 quarterstaff of Terra Nullius {vorpal,
                  | Dex+3} (You bought it in a shop on level 5 of the Dungeon)
 21813 | D:13     | Identified the +1 ring mail "Esogariv" {Regen+ Dex+6}
 22387 | D:13     | Found an ancient bone altar of Kikubaaqudgha.
 22631 | D:14     | Reached skill level 1 in Poison Magic
 22855 | D:14     | Found a gate to the Vaults.
 23449 | D:14     | Got the Atlas of The Black Sun
 24058 | D:15     | Entered Level 15 of the Dungeon
 24102 | D:15     | Noticed Jorgrun
 24116 | D:15     | Killed Jorgrun
 24179 | D:15     | Gained mutation: You sometimes emit foul miasma when
                  | damaged in melee. [demonic ancestry]
 24179 | D:15     | Reached XP level 15. HP: 91/115 MP: 18/26
 24351 | D:15     | Found a staircase to the Depths.
 24437 | D:15     | Noticed Rupert
 24438 | D:15     | Upgraded the game from 0.29-a0-982-gaed3a0c8d8 to
                  | 0.29-a0-993-g4a18f31a58
 24516 | D:15     | Noticed Agnes
 24524 | D:15     | Killed Agnes
 24798 | D:15     | Found a portal to a secret trove of treasure.
 25166 | Orc:1    | Entered Level 1 of the Orcish Mines
 25184 | Orc:1    | Reached skill level 1 in Ranged Weapons
 25570 | Orc:1    | Reached skill level 2 in Ranged Weapons
 25870 | Orc:2    | Entered Level 2 of the Orcish Mines
 25870 | Orc:2    | Noticed Sonja
 25870 | Orc:2    | Found Cuis's General Store.
 25879 | Orc:2    | Killed Sonja
 25966 | Orc:2    | Found a staircase to the Elven Halls.
 26010 | Orc:2    | Noticed Snorg
 26027 | Orc:2    | Killed Snorg
 26028 | Orc:2    | Reached skill level 3 in Ranged Weapons
 26059 | Orc:2    | Found Ticwusas's Book Shoppe.
 26059 | Orc:2    | Found Leiph's Assorted Antiques.
 26302 | Orc:2    | Noticed Azrael
 26308 | Orc:2    | Killed Azrael
 26539 | Orc:2    | Found Zoigurgh's Armour Shoppe.
 26539 | Orc:2    | Found Itadio's Jewellery Boutique.
 26999 | Orc:1    | Reached skill level 4 in Ranged Weapons
 27119 | Orc:1    | Noticed Harold
 27128 | Orc:1    | Killed Harold
 27498 | Spider:1 | Entered Level 1 of the Spider Nest
 27973 | Spider:1 | Noticed an emperor scorpion
 27989 | Spider:1 | Reached skill level 5 in Ranged Weapons
 27991 | Spider:1 | Killed an emperor scorpion
 28534 | Spider:1 | Found a runed translucent gate.
 28535 | Spider:1 | Found a runed translucent gate.
 28561 | Spider:1 | Found a runed translucent gate.
 28567 | Spider:1 | Learned a level 3 spell: Vampiric Draining
 28567 | Spider:1 | Noticed avis's ghost (journeyman DgIE)
 28846 | Spider:2 | Reached skill level 10 in Spellcasting
 28850 | Spider:2 | Reached XP level 16. HP: 77/122 MP: 20/30
 28910 | Spider:2 | Reached skill level 6 in Ranged Weapons
 28920 | Spider:2 | Paralysed by a jorogumo for 1 turns
 29618 | Spider:3 | Reached skill level 7 in Ranged Weapons
 29648 | Spider:3 | Gained mutation: You passively map a small area around you.
                  | [mutagenic glow]
 29655 | Spider:3 | Gained mutation: You are weak. (Str -2) [mutagenic glow]
 29659 | Spider:3 | Gained mutation: You are very weak. (Str -4) [mutagenic
                  | glow]
 29820 | Spider:3 | Reached skill level 10 in Dodging
 30803 | D:5      | Bought a potion of curing for 33 gold pieces
 30803 | D:5      | Bought 2 potions of invisibility for 176 gold pieces
 30803 | D:5      | Bought a potion of heal wounds for 55 gold pieces
 31042 | Spider:4 | Entered Level 4 of the Spider Nest
 31253 | Spider:4 | Reached skill level 8 in Ranged Weapons
 33733 | Spider:4 | Reached skill level 9 in Ranged Weapons
 34502 | Spider:4 | Gained mutation: Your touch may inflict irresistible damage
                  | on your foes. [demonic ancestry]
 34502 | Spider:4 | Reached XP level 17. HP: 87/128 MP: 33/33
 34511 | Spider:4 | Reached skill level 10 in Ranged Weapons
 34679 | Spider:4 | Got a gossamer rune of Zot
 34687 | Spider:4 | Lost mutation: You are very weak. (Str -4) [potion of
                  | mutation]
 34687 | Spider:4 | Lost mutation: You are weak. (Str -2) [potion of mutation]
 34687 | Spider:4 | Gained mutation: Your body sometimes deteriorates upon
                  | taking damage. [potion of mutation]
 34687 | Spider:4 | Gained mutation: You have large cloven feet. [potion of
                  | mutation]
 34687 | Spider:4 | Gained mutation: Your system is resistant to poisons.
                  | (rPois) [potion of mutation]
 34937 | Shoals:1 | Entered Level 1 of the Shoals
 35019 | Shoals:1 | You fall into a shaft and drop 1 floor!
 35077 | Shoals:2 | Reached skill level 1 in Necromancy
 35932 | Shoals:2 | Learned a level 4 spell: Dispel Undead
 35938 | Shoals:1 | Noticed Frances
 35949 | Shoals:1 | Killed Frances
 36041 | Shoals:1 | Reached skill level 11 in Ranged Weapons
 36050 | Shoals:1 | Reached skill level 5 in Necromancy
 36917 | Orc:2    | Bought a wand of iceblast (6) for 403 gold pieces
 36917 | Orc:2    | Bought a scroll of fear for 112 gold pieces
 37576 | Shoals:3 | Noticed Ilsuiw
 37607 | Shoals:3 | Killed Ilsuiw
 38031 | Shoals:3 | Reached skill level 12 in Ranged Weapons
 38169 | Shoals:3 | Noticed Donald
 38179 | Shoals:3 | Killed Donald
 38665 | Shoals:4 | Entered Level 4 of the Shoals
 38701 | Shoals:4 | Noticed Bai Suzhen
 38725 | Shoals:4 | Killed Bai Suzhen
 39082 | Shoals:4 | Reached skill level 13 in Ranged Weapons
 39172 | Shoals:4 | Noticed Aizul
 39193 | Shoals:4 | Killed Aizul
 39302 | Shoals:4 | Reached XP level 18. HP: 81/130 MP: 34/34
 39687 | Shoals:4 | Learned a level 3 spell: Stone Arrow
 39793 | Shoals:4 | Reached skill level 1 in Earth Magic
 39944 | Shoals:4 | Got a barnacled rune of Zot
 40243 | Elf:1    | Entered Level 1 of the Elven Halls
 40373 | Elf:1    | Reached skill level 14 in Ranged Weapons
 40483 | Elf:1    | Paralysed by an air elemental for 1 turns
 41104 | Elf:1    | Reached skill level 15 in Ranged Weapons
 41710 | Elf:2    | Paralysed by an air elemental for 1 turns
 41760 | Elf:2    | Learned a level 6 spell: Death Channel
 41827 | Elf:2    | Reached skill level 16 in Ranged Weapons
 41860 | Elf:2    | Paralysed by an air elemental for 1 turns
 42047 | Elf:2    | Found a frozen archway.
 42164 | Elf:2    | Found a runed translucent gate.
 42164 | Elf:2    | Found a runed translucent gate.
 42164 | Elf:2    | Found a runed translucent gate.
 42319 | Elf:2    | Paralysed by an air elemental for 1 turns
 42805 | Elf:3    | Entered Level 3 of the Elven Halls
 42815 | Elf:3    | Paralysed by an air elemental for 1 turns
 42844 | Elf:3    | Reached XP level 19. HP: 118/144 MP: 35/35
 43364 | Elf:3    | Found Sytzele's Assorted Antiques.
 43387 | Elf:3    | Bought a slimy silver ring for 110 gold pieces
 43387 | Elf:3    | Identified the ring "Pesowog" {rF+ Dex+2} (You bought it in
                  | a shop on level 3 of the Elven Halls)
 43387 | Elf:3    | Bought a potion of heal wounds for 110 gold pieces
 44207 | Abyss:3  | Cast into level 3 of the Abyss (a deep elf sorcerer)
 44782 | Abyss:3  | Reached skill level 10 in Necromancy
 45030 | Abyss:4  | Found a corrupted altar of Lugonu.
 45049 | Abyss:4  | Found an ornate altar of the Wu Jian Council.
 45181 | Abyss:4  | Noticed a dread lich
 45187 | Abyss:4  | Killed a dread lich
 45193 | Abyss:4  | Killed from afar by a red draconian scorcher

Illustrated notes

Levels and vault maps discovered:
D:1:      dreamdust_arrival_beginning_and_end, layout_basic,
          hellmonk_ecumenical_altar_zigzags
D:2:      layout_rooms, serial_aquarium, aquarium_bridge_straight
          [aquarium_subvault_bridge, aquarium_subvault_wall,
          aquarium_subvault_bridge, aquarium_subvault_wall],
          aquarium_bridge_straight [aquarium_subvault_bridge,
          aquarium_subvault_window, aquarium_subvault_bridge,
          aquarium_subvault_window], aquarium_window_1, aquarium_window_fake,
          aquarium_window_1, aquarium_view_4, aquarium_view_2b,
          aquarium_balcony_3a, aquarium_pool_five, basic_altar, uniq_sigmund
D:3:      layout_rooms, mainiacjoe_overflow_alcove_4
D:4:      layout_loops_ring, nicolae_overflow_crystal_walls, uniq_eustachio,
          uniq_robin
D:5:      minmay_angry_zag, layout_basic, yredelemnul_forgotten_temple_becter,
          mainiacjoe_overflow_paths, nemelex_spade_bored_becter,
          nicolae_uskayaw_murder_on_the_dancefloor, gup_sewer_entry_glass,
          serial_shops, nicolae_lakefront_shop, shop, shop,
          nicolae_take_the_stairs, nicolae_shop_bloodbath_and_beyond,
          st_stairs_11
D:6:      minmay_bubble_buster, layout_basic, kennysheep_mini_moat,
          minmay_temple_entry_drinking_statues
D:7:      layout_loops_ring, general_overflow_altar,
          mainiacjoe_overflow_catwalk_spiral, uniq_maggie
D:8:      layout_loops_ring, minmay_shop_damaged, chequers_serial_rivers_room_a
D:9:      layout_gridville, due_lair_maze_entry_diamond, kennysheep_small_spiral
D:10:     layout_long_grid, mainiacjoe_overflow_catwalk, hiddenorc1_lemuel,
          dk_noncrumbling_2, nicolae_straight_to_the_point
D:11:     layout_basic, uniq_erica
D:12:     layout_loops_ring
D:13:     layout_roguey, kennysheep_vampire_church
D:14:     dreamdust_black_sun_cult, layout_gridville, david_vaults_4,
          nicolae_twisting_strands
D:15:     grunt_enter_depths_hoard, layout_rooms, enter_trove_0,
          minmay_misc_feat_x, columned_hall_lemuel, uniq_agnes, uniq_rupert,
          uniq_jorgrun
Lair:1:   hellmonk_ruined_rings, layout_hall_layers, grunt_megastairs_2
Lair:2:   layout_roguey
Lair:3:   layout_long_grid, minmay_shoals_entry_lonely_mermaid,
          spider_nest_entry_rubble, lemuel_fruit_tree, grunt_megastairs_3,
          uniq_urug, uniq_nessos
Lair:4:   layout_cave_pods, nicolae_slime_entry_slimehenge,
          minmay_shattered_shrine
Lair:5:   evilmike_catoblepas_cave, layout_regular_city
Shoals:1: layout_shoals, uniq_frances
Shoals:2: layout_shoals
Shoals:3: layout_shoals, uniq_donald, uniq_ilsuiw
Shoals:4: shoals_end_hangedman, layout_shoals, uniq_aizul, uniq_bai_suzhen
Spider:1: layout_spider_delve, ebering_ghost_rock_garden
Spider:2: layout_spider_delve, nicolae_spider_wall_of_niches
Spider:3: layout_spider_delve
Spider:4: spider_rune_water, nicolae_spider_moth_buddies
Orc:1:    layout_caves, serial_shops, elves_outpost_lemuel, uniq_harold
Orc:2:    st_orc_town, layout_caves, serial_shops, nicolae_shop_window_shopping,
          uniq_azrael, uniq_snorg, uniq_sonja
Elf:1:    elf_arrival_002, layout_geoelf_octagon,
          hangedman_elven_crosses_minicolossus
Elf:2:    nicolae_elf_blades_splatter_lattice [nicolae_blade_tridents],
          layout_loops_cross, portal_ice_cave_entry_ice_statue_one
Elf:3:    minmay_elf_hall_four_x, layout_geoelf_diagonals, serial_shops,
          nicolae_shop_stone, grunt_megastairs_5
Abyss:4:  base: Depths:1, evilmike_abyss_exit_chaos,
          serial_sigils_hangedman_quiver, doesnt_abyss_rune_brain_food,
          gammafunk_abyss_exit_x_factor, doesnt_abyss_rune_brain_food,
          hangedman_eye_storm, due_evilmike_abyss_rune_seething_liches

Skill      XL: |  1  2  3  4  5  6  7  8  9 10 11 12 13 14 15 16 17 18 19 |
---------------+----------------------------------------------------------+-----
Dodging        | 2 4 6 8 10 | 10.0
Stealth        | 2 |  2.5
Ice Magic      | 4 5 6 7 8 9 10 | 10.0
Invocations    | 4 5 7 9 11 13 | 13.0
Conjurations   | 2 5 6 8 |  8.0
Armour         | 3 |  3.3
Fighting       | 6 10 11 13 | 13.0
Maces & Flails | 5 9 10 12 | 12.0
Spellcasting   | 6 7 10 12 | 12.0
Transmutations | 5 7 8 |  8.0
Poison Magic   | 4 |  4.0
Ranged Weapons | 5 9 13 16 | 16.0
Necromancy     | 8 10 | 10.7
Earth Magic    | 4 |  4.0

Action                   |  1- 3 |  4- 6 |  7- 9 | 10-12 | 13-15 | 16-18 | 19-21 || total
-------------------------+-------+-------+-------+-------+-------+-------+-------++-------
Melee: Unarmed           |    10 |       |       |       |       |       |       ||    10
       Dagger            |    12 |    14 |   117 |     2 |       |       |       ||   145
       Touch             |       |     3 |    25 |    80 |   318 |   231 |    43 ||   700
       Punch             |       |       |     5 |     6 |    21 |    19 |     7 ||    58
       Whip              |       |       |     2 |   292 |  1196 |   940 |   131 ||  2561
       Scimitar          |       |       |       |    39 |       |       |       ||    39
       Quarterstaff      |       |       |       |       |    13 |       |       ||    13
 Fire: Sling             |    42 |    98 |   202 |    54 |       |       |       ||   396
       Shortbow          |       |       |       |    52 |   159 |   818 |   174 ||  1203
 Cast: Freeze            |    19 |     4 |       |       |       |       |       ||    23
       Frozen Ramparts   |       |     5 |    22 |    35 |    31 |    21 |       ||   114
       Ozocubu's Armour  |       |     1 |     7 |     9 |     7 |     3 |       ||    27
       Hailstorm         |       |       |       |     4 |    43 |    65 |    11 ||   123
       Mephitic Cloud    |       |       |       |       |     9 |     7 |     1 ||    17
       Irradiate         |       |       |       |       |     8 |    10 |     1 ||    19
       Vampiric Draining |       |       |       |       |       |     8 |       ||     8
       Stone Arrow       |       |       |       |       |       |     2 |     2 ||     4
       Dispel Undead     |       |       |       |       |       |       |     2 ||     2
Invok: Bend Time         |     1 |     1 |     1 |     1 |       |     2 |       ||     6
       Slouch            |       |       |       |     3 |    11 |    13 |     9 ||    36
       Step From Time    |       |       |       |     2 |       |     4 |     1 ||     7
       Temporal Distorti |       |       |       |       |       |     3 |       ||     3
Evoke: Wand              |       |       |       |     4 |     5 |    11 |     1 ||    21
       Condenser vane    |       |       |       |       |     2 |     3 |       ||     5
  Use: Scroll            |     4 |     8 |     5 |     8 |     7 |    11 |     6 ||    49
       Potion            |       |       |       |     2 |       |     7 |     1 ||    10
 Stab: Sleeping          |       |     1 |     8 |     5 |     4 |     2 |       ||    20
       Distracted        |       |       |     1 |     1 |     1 |       |       ||     3
       Petrified         |       |       |       |       |     3 |       |       ||     3
       Confused          |       |       |       |       |     8 |    10 |       ||    18
       Paralysed         |       |       |       |       |       |     1 |       ||     1
       Invisible         |       |       |       |       |       |    12 |       ||    12
Armor: Robe              |    10 |    12 |    95 |       |       |       |       ||   117
       Steam dragon scal |       |       |    39 |   174 |   339 |       |       ||   552
       Ring mail         |       |       |       |       |   116 |   503 |    37 ||   656
Dodge: Dodged            |    41 |    43 |   173 |   357 |  1078 |  1425 |   110 ||  3227
       Repelled          |       |       |       |       |       |    20 |     1 ||    21

Table legend: (Time is in decaauts)
 A = Elapsed time spent in this place.
 B = Non-inter-level travel time spent in this place.
 C = Inter-level travel time spent in this place.
 D = Time resting spent in this place.
 E = Time spent auto-exploring this place.
 F = Levels seen in this place.
 G = Mean time per level.
                   A        B        C        D        E       F      G
               +--------+--------+--------+--------+--------+-----+--------+
         Total |  65819 |  58808 |   7011 |  13728 |  29969 |  35 | 1880.5 |
       Dungeon |  28843 |  24845 |   3998 |   5330 |  14129 |  15 | 1922.9 |
          Lair |  11241 |   9919 |   1322 |   1585 |   5787 |   5 | 2248.2 |
        Shoals |   7300 |   6885 |    415 |   1380 |   3363 |   4 | 1825.0 |
   Spider Nest |   9256 |   8760 |    496 |   3310 |   3474 |   4 | 2314.0 |
  Orcish Mines |   2751 |   2205 |    546 |    193 |   1241 |   2 | 1375.5 |
   Elven Halls |   5182 |   4951 |    231 |   1466 |   1758 |   3 | 1727.3 |
         Abyss |   1242 |   1242 |      0 |    460 |    215 |   2 |  621.0 |
               +--------+--------+--------+--------+--------+-----+--------+

Top non-repeatable levels by time:
Spider:4: 4627 daAuts
     D:9: 3268 daAuts
    D:10: 3146 daAuts
  Lair:4: 2863 daAuts
     D:7: 2600 daAuts
     D:5: 2592 daAuts
  Lair:3: 2495 daAuts
  Lair:5: 2431 daAuts
    D:14: 2222 daAuts
Shoals:4: 2039 daAuts
     D:6: 2022 daAuts
Spider:1: 1956 daAuts
   Elf:2: 1834 daAuts
     D:8: 1807 daAuts
Shoals:2: 1803 daAuts
